 Dungeon Crawl Stone Soup version 0.31.0-9-g3a7656b989 (webtiles) character file.

Game seed: 11191125670404316721

56 Killerpretzel the Caller (level 3, 0/16 HPs)
             Began as a Felid Summoner on Feb 5, 2024.
             Slain by a goblin
             ... wielding a +0 club
             ... led by Robin
              (6 damage)
             ... on level 2 of the Dungeon.
             The game lasted 00:05:18 (1373 turns).

Killerpretzel the Caller (Felid Summoner)           Turns: 1373, Time: 00:05:19

Health: 0/16       AC:  1    Str:  2    XL:     3   Next: 71%
Magic:  16/16      EV: 18    Int: 20    God:
Gold:   51         SH:  0    Dex: 16    Spells: 3/7 levels left
                                        Lives:  0   Deaths: 1

rFire   . . .        (weapon unavailable)
rCold   . . .        (shield unavailable)
rNeg    . . .        (body armour unavailable)
rPois   .            (helmet unavailable)
rElec   .            (cloak unavailable)
rCorr   .            (gloves unavailable)
SInv    +            (boots unavailable)
Will    .....        (no amulet)
Stlth   +++          b - ring of magical power
HPRegen 0.22/turn    (no ring)
MPRegen 0.15/turn

%: no passive effects
@: inugami summoned
A: very small, claws 1, fangs 3, see invisible, shaggy fur 1, stealthy paws, no
weapons or thrown items, no armour, multi-lived, camouflage 1, weak 1
a: no special abilities


You were on level 2 of the Dungeon.
You visited 1 branch of the dungeon, and saw 2 of its levels.

You collected 51 gold pieces.

Inventory:

Jewellery
 b - a ring of magical power (left paw)
Scrolls
 d - a scroll of teleportation
Potions
 a - a potion of magic


   Skills:
 + Level 3.9 Dodging
 - Level 2.6 Stealth
 + Level 2.6 Spellcasting
 * Level 4.5 Summonings


You had 3 spell levels left.
You knew the following spells:

 Your Spells              Type           Power      Damage    Failure   Level
a - Summon Small Mammal   Summ           80%        N/A       2%          1
b - Call Canine Familiar  Summ           20%        N/A       7%          3

Your spell library contained the following spells:

 Spells                   Type           Power      Damage    Failure   Level
 Call Imp                 Summ           40%        N/A       3%          2
 Summon Blazeheart Golem  Fire/Summ      11%        N/A       50%         4
 Summon Lightning Spire   Summ/Air       11%        N/A       50%         4


Dungeon Overview and Level Annotations

Branches:
Dungeon (2/15)

Altars:

Annotations:
D:2 Robin


Innate Abilities, Weirdness & Mutations

You have sharp claws.
You have razor-sharp teeth.
You have supernaturally acute eyesight. (SInv)
You are covered in fur. (AC +1)
Your paws help you pounce on unaware monsters.
You are incapable of wielding weapons or throwing items.
You cannot wear armour.
You gain extra lives every three experience levels.
Your skin changes colour to match your surroundings (Stealth+).
You are weak. (Str -2)


Message History

No target in view!
Your inugami hits the goblin. The goblin closely misses your inugami.
Your inugami hits the goblin.
The goblin shouts!
The goblin hits your inugami but does no damage.
The goblin unwields a +0 club.
The goblin wields a +0 sling.
The goblin shoots a sling bullet.
The sling bullet misses you.
Your inugami hits the goblin.
The goblin dies!
Robin roars a battlecry!
The goblins go into a battle-frenzy!
The goblin hits your inugami but does no damage.
Your inugami hits the goblin.
The goblin dies!
A hobgoblin comes into view.
Your inugami hits the jackal.
You swap places.
The hobgoblin no longer looks unusually strong.
The jackal misses you. The endoplasm closely misses you.
Robin throws the goblin at you! The goblin barely misses you.
The jackal closely misses you.
Your inugami hits the jackal.
You see here a scroll labelled XOIJOARRIE.
There are monsters nearby!
You closely miss the jackal.
The jackal is almost dead.
The jackal misses you. The jackal bites you. The endoplasm freezes you.
You are frozen.
Robin roars a battlecry!
The hobgoblin goes into a battle-frenzy!
The goblin completely misses you.
Your inugami hits the jackal.
The jackal dies!
There are monsters nearby!
You scratch the jackal.
You kill the jackal!
The endoplasm freezes you.
You are frozen.
Robin throws the goblin at you! The goblin closely misses you.
The goblin unwields a +0 sling.
The goblin wields a +0 club.
The goblin hits you with a +0 club.
You die...

#..).†......#...##.# #.###....
#...)............... .......
#...........##..##.###.....#
#....................##...#
#........................#
##.....................)##
##.....................###
#####........gg.g.....)g#
#####........h@g......gJ.g....
#............g.J.....##gg..#..
#......................h......
#......##..........####....#.#
#......#####..##.##.. .#..# #
#.....## ##.)..# ... .....
#.....# #.#... .. ......
#.....# #.#.### #.....# #


You could see Robin, an endoplasm, a hobgoblin (strong), 3 goblins and a
friendly inugami (summoned).

Vanquished Creatures
  A dart slug (D:2)
  A bat (D:1)
  An endoplasm (D:1)
  A goblin (D:2)
  A hobgoblin (D:1)
  A jackal (D:2)
  A quokka (D:1)
  A frilled lizard (D:2)
  A kobold (D:2)
  2 rats (D:1)
11 creatures vanquished.

Vanquished Creatures (collateral kills)
  A gnoll (D:1)
  3 endoplasms (D:1)
  A giant cockroach (D:1)
  8 goblins
  2 hobgoblins
  6 jackals (D:2)
  A quokka (D:1)
  A bat (D:2)
  A frilled lizard (D:1)
  A kobold (D:1)
  4 rats
29 creatures vanquished.

Grand Total: 40 creatures vanquished

Notes
Turn   | Place    | Note
-------+----------+-------------------------------------------
     0 | D:1      | Killerpretzel the Felid Summoner began the quest for the
                  | Orb.
     0 | D:1      | Reached XP level 1. HP: 9/9 MP: 4/4
   148 | D:1      | Reached XP level 2. HP: 5/13 MP: 6/6
   635 | D:1      | Reached XP level 3. HP: 16/16 MP: 7/7
   639 | D:1      | Learned a level 3 spell: Call Canine Familiar
  1347 | D:2      | Noticed Robin
  1358 | D:2      | Gained mutation: You are weak. (Str -2) [potion of
                  | mutation]
  1358 | D:2      | Gained mutation: Your skin changes colour to match your
                  | surroundings (Stealth+). [potion of mutation]
  1358 | D:2      | Slain by a goblin
  1358 | D:2      | Lost a life (0 lives remaining)
  1373 | D:2      | Slain by a goblin

Illustrated notes

Levels and vault maps discovered:
D:1:      dpeg_arrival_ternary, layout_loops_corners
D:2:      layout_rooms, minivault_25, grunt_ministairs_7, uniq_natasha,
          uniq_robin

Skill      XL: |  1 |
---------------+----+-----
Dodging        | 3 |  3.9
Stealth        | |  2.6
Spellcasting   | |  2.6
Summonings     | |  4.5

Action                     || total
---------------------------++-------
  Melee: Unarmed           ||    30
         Bite              ||     2
   Cast: Summon Small Mamm ||    39
         Call Canine Famil ||     5
    Use: Scroll            ||     1
         Potion            ||     1
 Armour: Skin              ||    23
  Dodge: Dodged            ||    51
